 Dungeon Crawl Stone Soup version 0.16-a0-321-g9a421ca (webtiles) character file.

2608 Ratboiler the Chucker (level 9, -3/89 HPs)
             Began as an Ogre Arcane Marksman on Sept 2, 2014.
             Was an Initiate of the Shining One.
             Shot with a sling bullet by Joseph (11 damage)
             ... on Level 9 of the Dungeon.
             The game lasted 01:03:34 (9328 turns).

Ratboiler the Chucker (Ogre Arcane Marksman)        Turns: 9328, Time: 01:03:35

HP  -3/89        AC  5     Str 20      XL: 9   Next: 59%
MP   0/12        EV 17     Int 12      God: the Shining One [......]
Gold 425         SH  0     Dex 15 (17) Spells:  2 memorised,  7 levels left

rFire  . . .     SeeInvis .     a - +0 giant club
rCold  + . .     Clarity  .     p - +2 robe {rN+}
rNeg   + . .     rCorr    .     (shield restricted)
rPois  .         rRot     .     (helmet restricted)
rElec  .         Spirit   +     (no cloak)
SustAb .         Warding  .     (gloves unavailable)
rMut   .         Stasis   .     (boots unavailable)
Gourm  .                        O - amulet of guardian spirit
MR     .....                    j - +2 ring of strength
                                A - ring of protection from cold

@: agile, very slightly contaminated, not resistant to hostile enchantments,
unstealthy
A: unfitting armour, tough skin 1
a: Renounce Religion


You were on level 9 of the Dungeon.
You worshipped the Shining One.
The Shining One was noncommittal.
You were not hungry.

You visited 1 branch of the dungeon, and saw 9 of its levels.
You also visited: Sewer.

You collected 425 gold pieces.

Inventory:

Hand weapons
 a - a +0 giant club (weapon)
 b - a +0 short sword of holy wrath
 u - a +0 short sword of electrocution
 v - a +0 club
Missiles
 c - a throwing net (quivered)
 g - 75 poisoned needles
 h - 11 tomahawks
Armour
 k - a +0 robe
 p - a +2 robe of positive energy (worn)
 s - a +0 shield
Magical devices
 l - a wand of polymorph (11)
Comestibles
 f - 4 meat rations
 P - a rotting chunk of adder flesh
Scrolls
 i - a scroll of summoning {unknown}
 m - a scroll of enchant weapon
 n - 2 scrolls of fog {unknown}
 o - 4 scrolls of teleportation
 q - 6 scrolls of remove curse
 r - 2 scrolls of enchant armour {unknown}
 y - a scroll of blinking {unknown}
 C - 2 scrolls of fear {unknown}
 D - a scroll of noise {unknown}
 E - 2 scrolls of amnesia {unknown}
 H - a scroll of random uselessness {unknown}
 J - 2 scrolls of immolation {unknown}
Jewellery
 j - a +2 ring of strength (right hand)
 t - an uncursed amulet of resist corrosion
 A - a ring of protection from cold (left hand)
 O - an amulet of guardian spirit (around neck)
Potions
 e - a potion of brilliance
 z - 2 potions of lignification {unknown}
 B - 2 potions of restore abilities
 F - a potion of beneficial mutation {unknown}
 G - a potion of flight
 I - a potion of curing {unknown}
 K - a potion of poison {unknown}
 N - 2 potions of haste {unknown}
Books
 d - a book of Debilitation

   Spells                             Type                      Level
   *Corona                            Hexes                        1
   *Slow                              Hexes                        2
   Inner Flame                        Hexes/Fire                   3
   Enslavement                        Hexes                        4
   Cause Fear                         Hexes                        4
   Leda's Liquefaction                Hexes/Earth                  4
Magical staves
 x - an uncursed staff of summoning


   Skills:
 + Level 5.9 Fighting
 + Level 6.5 Maces & Flails
 * Level 7.9 Throwing
 + Level 4.8 Dodging
 - Level 1.4 Spellcasting
 - Level 5.4 Hexes


You had 7 spell levels left.
You knew the following spells:

 Your Spells              Type           Power        Failure   Level  Hunger
a - Corona                Hex            ##.....      3%          1    ##.....
b - Slow                  Hex            ##......     6%          2    ###....


Dungeon Overview and Level Annotations

Branches:
Dungeon (9/15)             Temple (0/1) D:7            Lair (0/8) D:8
    Orc: D:9-12

Altars:
Ashenzari
Dithmenos
Elyvilon
Gozag
Kikubaaqudgha
Makhleb
Nemelex Xobeh
Qazlal
Sif Muna
Trog
Vehumet
Zin
The Shining One

Annotations:
D:5 Sigmund
D:7 lennard's ghost, experienced SpMo
D:9 Joseph


Innate Abilities, Weirdness & Mutations

You are too large for most types of armour.
You have tough skin (AC +1).


Message History

Press: ? - help, Shift-Dir - straight line, f/p - Joseph
Aim: Joseph, wielding a quarterstaff and wearing a dyed leather armour (severely wounded)
You throw a large rock. The large rock barely misses Joseph.
Joseph hits you with a quarterstaff!
* * * LOW HITPOINT WARNING * * *
Drink which item? (? for menu, Esc to quit)
Okay, then.
Joseph hits you with a quarterstaff!
* * * LOW HITPOINT WARNING * * *
You climb downwards.
The yak barely misses you. The yak misses you. The yak barely misses you.
There is a stone staircase leading up here.
The yak gores you.
* * * LOW HITPOINT WARNING * * *
The yak gores you.
* * * LOW HITPOINT WARNING * * *
Joseph unwields an uncursed quarterstaff.
Joseph wields a hunting sling.
Joseph shoots a sling bullet.
The sling bullet hits you!
You die...

......###.# #.........#
.####.#
#.#########..####.#.# .#
#.# #.#......##..# #.#.#
.# #Y#
#Y#......##..####.#.#
.####.#
#.#...............#.#
.Y..Y.#
#Y#..........####.#.#
#.##'## #.#....@Y##..#
#.#.# #.#...#
#.#....Y.##..####.#.####
#.#...#
#.#.....@##............#
#.#._.#
#...................####
#.#####
########.###.#########
#...# #................
##### #################
#


You could see Joseph and 2 yaks.

Vanquished Creatures
  5 sky beasts
  2 ice beasts
  3 phantoms (D:5)
  3 centaurs
  An orc warrior (D:8)
  2 ogres
  6 giant frogs
  A hippogriff skeleton (D:8)
  2 quasits
  A goliath beetle (D:6)
  A giant frog skeleton (D:3)
  A giant frog zombie (D:5)
  A hound (D:6)
  4 jellies (D:8)
  An orc priest (D:4)
  3 iguanas
  3 orc wizards
  2 worker ants (D:7)
  A hound zombie (D:6)
  3 gnolls (D:5)
  8 adders
  A shadow imp (D:9)
  2 giant mites (Sewer)
  An adder zombie (D:7)
  5 giant geckos
  18 orcs
  5 ball pythons
  10 bats
  9 hobgoblins
  13 jackals
  2 quokkas
  11 giant cockroaches
  10 giant newts
  A giant spore (D:8)
  14 goblins
  A goblin zombie (D:5)
  7 kobolds
  A kobold zombie (D:5)
  An orc skeleton (D:4)
  6 rats
  2 rat skeletons
  A ballistomycete (D:8)
175 creatures vanquished.

Vanquished Creatures (others)
  A kobold (D:6)
  A kobold zombie (D:6)
  2 fungi (D:8)
4 creatures vanquished.

Grand Total: 179 creatures vanquished

Notes
Turn   | Place    | Note
--------------------------------------------------------------
     0 | D:1      | Ratboiler, the Ogre Arcane Marksman, began the quest for the Orb.
     0 | D:1      | Reached XP level 1. HP: 19/19 MP: 2/2
   321 | D:1      | Reached XP level 2. HP: 25/28 MP: 1/3
   486 | D:1      | Learned a level 2 spell: Slow
   736 | D:1      | Reached XP level 3. HP: 35/35 MP: 2/4
  1007 | D:1      | Reached skill level 3 in Throwing
  1410 | D:2      | Reached skill level 1 in Maces & Flails
  2012 | D:3      | Found a glowing drain.
  2034 | D:3      | Reached XP level 4. HP: 42/42 MP: 6/6
  2229 | D:3      | Reached XP level 5. HP: 48/50 MP: 4/7
  2489 | D:3      | Reached skill level 4 in Throwing
  2508 | Sewer    | Entered a sewer
  2993 | Sewer    | Reached XP level 6. HP: 55/59 MP: 6/8
  3951 | D:4      | Found a white marble altar of Elyvilon.
  3951 | D:4      | Found an ancient bone altar of Kikubaaqudgha.
  4131 | D:4      | Reached XP level 7. HP: 58/67 MP: 6/10
  4811 | D:5      | Entered Level 5 of the Dungeon
  5172 | D:5      | Found a shattered altar of Ashenzari.
  5387 | D:5      | Reached skill level 5 in Hexes
  5387 | D:5      | Reached XP level 8. HP: 35/75 MP: 11/11
  5827 | D:5      | Reached skill level 5 in Throwing
  6011 | D:5      | Noticed Sigmund
  6159 | D:6      | Found a radiant altar of Vehumet.
  6274 | D:6      | Found a stormy altar of Qazlal.
  6396 | D:6      | Reached skill level 5 in Maces & Flails
  6420 | D:6      | Reached skill level 6 in Throwing
  6452 | D:6      | Found a deep blue altar of Sif Muna.
  6456 | D:6      | Found a glowing golden altar of the Shining One.
  6461 | D:6      | Found a burning altar of Makhleb.
  6461 | D:6      | Found a sparkling altar of Nemelex Xobeh.
  6513 | D:6      | Became a worshipper of the Shining One
  6587 | D:6      | Reached XP level 9. HP: 85/85 MP: 10/12
  7090 | D:7      | Noticed lennard's ghost (experienced SpMo)
  7110 | D:8      | Found an opulent altar of Gozag.
  7134 | D:8      | Reached skill level 5 in Fighting
  7264 | D:7      | Found a staircase to the Ecumenical Temple.
  7543 | D:7      | Noticed an angel
  7544 | D:7      | Found a glowing silver altar of Zin.
  7704 | D:8      | Reached skill level 7 in Throwing
  7847 | D:8      | Found a staircase to the Lair.
  8253 | D:8      | Noticed a wandering mushroom
  8268 | D:8      | Noticed a wandering mushroom
  8435 | D:8      | Noticed Joseph
  8778 | D:8      | Found a bloodstained altar of Trog.
  8814 | D:8      | Noticed a wandering mushroom
  9175 | D:9      | Found a shadowy altar of Dithmenos.
  9328 | D:9      | Shot with a sling bullet by Joseph

Action                   |  1- 3 |  4- 6 |  7- 9 || total
-------------------------+-------+-------+-------++-------
Melee: Dagger            |    22 |       |       ||    22
       Club              |    47 |       |       ||    47
       Short sword       |    10 |   113 |       ||   123
       Giant club        |       |     9 |   320 ||   329
Throw: Large rock        |    60 |    51 |    81 ||   192
       Throwing net      |     1 |       |     1 ||     2
       Tomahawk          |       |       |     1 ||     1
 Cast: Corona            |    20 |    22 |    49 ||    91
       Slow              |       |     2 |     9 ||    11
Evoke: Wand              |       |       |     1 ||     1
  Use: Scroll            |       |       |    10 ||    10
       Potion            |       |       |     2 ||     2
  Eat: Chunk             |     4 |     6 |     6 ||    16
       Meat ration       |       |     1 |       ||     1
       Beef jerky        |       |       |     1 ||     1
       Bread ration      |       |       |     2 ||     2
